 Dungeon Crawl Stone Soup version 0.30-a0-1116-gebefce21f7 (webtiles) character file.

Game seed: 6825500350673897833

358 Arzdou the Digger (level 6, -12/36 HPs)
             Began as an Octopode Earth Elementalist on Apr 21, 2023.
             Mangled by an orc warrior
             ... wielding a +0 war axe
              (19 damage)
             ... on level 4 of the Dungeon.
             The game lasted 00:08:51 (3603 turns).

Arzdou the Digger (Octopode Earth Elementalist)     Turns: 3603, Time: 00:08:51

Health: -12/36     AC:  1    Str: 14    XL:     6   Next: 64%
Magic:  1/12       EV: 18    Int: 19    God:
Gold:   128        SH:  0    Dex: 12    Spells: 3/13 levels left

rFire   . . .      SeeInvis .    f - +1 dagger (vamp)
rCold   . . .      Faith    .    (no shield)
rNeg    . . .      Spirit   .    (helmet restricted)
rPois   .          Reflect  .    (no amulet)
rElec   .          Rampage  .    l - +6 ring of strength
rCorr   .                        q - ring of flight
Will    .....                    r - ring of wizardry
Stlth   +++                      u - +5 ring of evasion
HPRegen 0.26/turn                (no ring)
MPRegen 0.13/turn                (no ring)
                                 (no ring)
                                 (no ring)

@: flying
A: almost no armour, amphibious, 8 rings, camouflage 1, gelatinous body 1,
(nimble swimmer 1), tentacles
a: no special abilities


You were on level 4 of the Dungeon.
You visited 1 branch of the dungeon, and saw 4 of its levels.

You collected 128 gold pieces.

Inventory:

Hand Weapons
 f - a +1 vampiric dagger (weapon)
Missiles
 m - 59 stones
Jewellery
 l - a +6 ring of strength (left tentacle)
 q - a ring of flight (right tentacle)
 r - a ring of wizardry (on tentacle)
 u - a +5 ring of evasion (on tentacle)
Scrolls
 c - a scroll of torment {unknown}
 e - 2 scrolls of identify
 g - 3 scrolls of amnesia
 n - a scroll of immolation
 o - a scroll of enchant armour
 p - a scroll of magic mapping {unknown}
 s - a scroll of fog
 t - a scroll of noise {unknown}
 w - a scroll of vulnerability {unknown}
Potions
 a - a potion of magic
 b - a potion of ambrosia {unknown}
 d - a potion of haste {unknown}
 h - 4 potions of curing {unknown}
 i - a potion of degeneration {unknown}
 j - a potion of heal wounds {unknown}
 k - 2 potions of might {unknown}
 v - a potion of lignification {unknown}
 x - a potion of brilliance {unknown}
 z - a potion of attraction {unknown}


   Skills:
 + Level 2.3 Dodging
 * Level 3.6 Stealth
 * Level 4.4 Spellcasting
 + Level 1.0 Transmutations
 * Level 5.2 Earth Magic


You had 3 spell levels left.
You knew the following spells:

 Your Spells              Type           Power      Damage    Failure   Level
a - Sandblast             Erth           48%        2d12      1%          1
b - Stone Arrow           Conj/Erth      28%        3d8       6%          3
c - Passwall              Tmut/Erth      13%        N/A       2%          2
d - Petrify               Tmut/Erth      16%        N/A       14%         4

Your spell library contained the following spells:

 Spells                   Type           Power      Damage    Failure   Level


Dungeon Overview and Level Annotations

Branches:
Dungeon (4/15)
 Temple: D:4-7

Altars:
Gozag
Makhleb
Okawaru
Uskayaw

Annotations:
D:3 3 runed translucent doors, windycow's ghost, amateur TrEE
D:4 2 runed translucent doors, Rye's ghost, amateur HuFi


Innate Abilities, Weirdness & Mutations

You cannot wear most types of armour.
You are amphibious.
You can wear up to eight rings at the same time.
Your skin changes colour to match your surroundings (Stealth+).
Your rubbery body absorbs attacks. (AC +1, EV +1)
((You are camouflaged when in or above water. (Stealth+)))
You have tentacles for arms and can constrict up to eight enemies at once.


Message History

The spell is quite dangerous to miscast (14% risk of failure)!
Continue anyway? [Y]es or [N]o only, please.
The spell is quite dangerous to miscast (14% risk of failure)!
Continue anyway?
Okay, then.
Casting: Petrify (quite dangerous; 14% risk of failure)
Confirm with . or Enter, or press ? or * to list all spells.
The spell is quite dangerous to miscast (14% risk of failure)!
Continue anyway? [Y]es or [N]o only, please.
The spell is quite dangerous to miscast (14% risk of failure)!
Continue anyway?
Aiming: Petrify (quite dangerous; 14% risk of failure)
Press: ? - help, Shift-Dir - straight line, f/p - orc warrior
Aim: an orc warrior, wielding a +0 war axe and wearing a +0 plate armour (chance to affect: 50%)
The orc warrior resists with some effort.
The orc warrior hits you with a +0 war axe!
The orc warrior attacks as you move away!
The orc warrior closely misses you.
The orc warrior attacks as you move away!
The orc warrior closely misses you.
The orc warrior attacks as you move away!
The orc warrior hits you with a +0 war axe!
As you read the scroll labelled CYKOSCHOKHLOB, it crumbles to dust.
It is a scroll of identify.
g - 3 scrolls of amnesia The orc warrior barely misses you.
As you read the scroll labelled CEBEMP IMENE, it crumbles to dust.
It is a scroll of enchant armour.
You aren't carrying any armour which can be enchanted further.
The orc warrior misses you.
As you read the scroll labelled LAXALE XOMOOPH, it crumbles to dust.
The creatures around you are filled with an inner flame!
It was a scroll of immolation.
The orc warrior completely misses you.
Unknown command.
As you read the scroll labelled GIROIKLEGO, it crumbles to dust.
The scroll dissolves into smoke.
It was a scroll of fog.
The orc warrior hits you with a +0 war axe!
* * * LOW HITPOINT WARNING * * *
The orc warrior attacks as you move away!
The orc warrior hits you with a +0 war axe!!
Ouch! That really hurt!
You die...

###### . ###.##.##### ..
####...#...#..##
..##...........<..##
..................#
#..#............#
#......§§§.....###
###......§§§§......#
.#........§§@§....###
............§§o§...#####
.....##.....§......##..#
####. #.........o..#...### #
#.##........#.......###
.............#.........#
#.###......#...........###
...#.......####.........#.##
##..........###.........#.~~


You could see an orc warrior (inner flame) and an orc wizard (inner flame).

Vanquished Creatures
  Eustachio (D:3)
  3 orc priests
  2 orc wizards
  2 adders
  2 dart slugs
  9 orcs
  7 bats
  5 endoplasms
  A giant cockroach (D:3)
  9 goblins
  6 hobgoblins
  2 jackals (D:3)
  13 kobolds
  3 quokkas
  5 ball pythons
  3 frilled lizards
  7 rats
80 creatures vanquished.

Notes
Turn   | Place    | Note
-------+----------+-------------------------------------------
     0 | D:1      | Arzdou the Octopode Earth Elementalist began the quest for
                  | the Orb.
     0 | D:1      | Reached XP level 1. HP: 11/11 MP: 3/3
   172 | D:1      | Reached XP level 2. HP: 17/17 MP: 1/5
  1183 | D:2      | Reached XP level 3. HP: 21/21 MP: 4/6
  1259 | D:2      | Reached XP level 4. HP: 9/27 MP: 2/8
  1414 | D:2      | Identified the +0 robe of Conscience {Str+4}
  1525 | D:2      | Found a faded altar of an unknown god.
  1532 | D:2      | Learned a level 3 spell: Stone Arrow
  1535 | D:2      | Learned a level 2 spell: Passwall
  1706 | D:2      | Reached skill level 4 in Earth Magic
  2034 | D:3      | Found a burning altar of Makhleb.
  2037 | D:3      | Found a hide-covered altar of Uskayaw.
  2061 | D:3      | Found an opulent altar of Gozag.
  2061 | D:3      | Found an iron altar of Okawaru.
  2245 | D:3      | Reached XP level 5. HP: 21/31 MP: 3/9
  2482 | D:3      | Found a runed translucent gate.
  2483 | D:3      | Found a runed translucent gate.
  2483 | D:3      | Noticed a kobold brigand
  2483 | D:3      | Noticed windycow's ghost (amateur TrEE)
  2484 | D:3      | Found a runed translucent gate.
  3145 | D:4      | Noticed Eustachio
  3217 | D:4      | Found a large runed translucent door.
  3217 | D:4      | Found a large runed translucent door.
  3258 | D:4      | Noticed Rye's ghost (amateur HuFi)
  3312 | D:3      | Learned a level 4 spell: Petrify
  3389 | D:4      | Noticed an orc warrior
  3433 | D:4      | Reached XP level 6. HP: 36/36 MP: 8/11
  3451 | D:3      | Killed Eustachio
  3452 | D:3      | Reached skill level 5 in Earth Magic
  3603 | D:4      | Mangled by an orc warrior

Illustrated notes

Levels and vault maps discovered:
D:1:      dpeg_arrival_circle_labyrinth_a, layout_basic
D:2:      layout_basic, hellmonk_ecumenical_altar_arch_garden,
          lemuel_flame_loot_1
D:3:      minmay_skewed_foursquare, layout_loops_cross,
          grunt_temple_overflow_open, gammafunk_ghost_nasty_kobolds,
          chequers_serial_rivers_room_b
D:4:      layout_cave_pools, ebering_ghost_disaster_area, uniq_eustachio

Skill      XL: |  1  2  3  4  5  6 |
---------------+-------------------+-----
Stealth        | 3 |  3.6
Spellcasting   | 3 4 |  4.4
Earth Magic    | 4 5 |  5.2
Dodging        | |  2.3
Transmutations | |  1.0

Action                     |  1- 3 |  4- 6 || total
---------------------------+-------+-------++-------
  Melee: Dagger            |       |     2 ||     2
   Cast: Sandblast         |    30 |    80 ||   110
         Stone Arrow       |       |     3 ||     3
         Petrify           |       |     3 ||     3
    Use: Scroll            |       |     4 ||     4
 Armour: Skin              |       |     3 ||     3
  Dodge: Dodged            |     1 |    17 ||    18

Table legend: (Time is in decaauts)
 A = Elapsed time spent in this place.
 B = Non-inter-level travel time spent in this place.
 C = Inter-level travel time spent in this place.
 D = Time resting spent in this place.
 E = Time spent auto-exploring this place.
 F = Levels seen in this place.
 G = Mean time per level.
                   A        B        C        D        E       F      G
               +--------+--------+--------+--------+--------+-----+--------+
         Total |   3657 |   3498 |    159 |    308 |   2632 |   4 |  914.2 |
       Dungeon |   3657 |   3498 |    159 |    308 |   2632 |   4 |  914.2 |
               +--------+--------+--------+--------+--------+-----+--------+

Top non-repeatable levels by time:
     D:3: 1205 daAuts
     D:1: 1134 daAuts
     D:2: 899 daAuts
     D:4: 418 daAuts
